 Dungeon Crawl Stone Soup version 0.30-a0-297-g0ec75d9ef4 (webtiles) character file.

Game seed: 14597075396811151475

9648 CoinPitGoblin the Merchant of Misery (level 11, 75/75 HPs)
             Began as a Demonspawn Necromancer on Oct 18, 2022.
             Was a Believer of Kikubaaqudgha.
             Quit the game on level 11 of the Dungeon.
             The game lasted 00:28:53 (12853 turns).

CoinPitGoblin the Merchant of Misery (DsNe)        Turns: 12853, Time: 00:28:54

Health: 75/75      AC: 16    Str:  8    XL:     11   Next: 25%
Magic:  30/34      EV: 13    Int: 21    God:    Kikubaaqudgha [**....]
Gold:   695        SH:  0    Dex: 14    Spells: 19/30 levels left

rFire   . . .      SeeInvis .    x - +5 short sword (drain)
rCold   . . .      Faith    .    (no shield)
rNeg    . . .      Spirit   .    c - +0 troll leather armour
rPois   +          Reflect  .    y - +1 helmet
rElec   .          Harm     .    w - +2 cloak {Stlth+}
rCorr   .          Rampage  .    h - +2 pair of gloves
Will    .....                    E - +0 pair of boots
Stlth   ++++......               (no amulet)
HPRegen 1.12/turn                q - ring of poison resistance
MPRegen 0.24/turn                K - ring of magical power

@: no status effects
A: icy blue scales 2, demonic magic 2, weakness stinger 2
a: Renounce Religion, Unearth Wretches


You were on level 11 of the Dungeon.
You worshipped Kikubaaqudgha.
Kikubaaqudgha was pleased with you.
You visited 3 branches of the dungeon, and saw 14 of its levels.
You also visited: Sewer.

You collected 695 gold pieces.

Inventory:

Hand Weapons
 x - a +5 short sword of draining (weapon)
 C - the +1 dagger of the Bouncing Allies {speed, rPois}
   (You found it on level 7 of the Dungeon)

   Attacks with this weapon are significantly faster.
   rPois:     It protects you from poison.
Armour
 c - a +0 troll leather armour (worn)
 h - a +2 pair of gloves (worn)
 w - a +2 cloak of stealth (worn)
 y - a +1 helmet (worn)
 E - a +0 pair of boots (worn)
 L - a +2 leather armour of poison resistance
Jewellery
 f - a ring of wizardry
 q - a ring of poison resistance (left hand)
 F - a ring of positive energy
 K - a ring of magical power (right hand)
 M - a ring of resist corrosion
Wands
 t - a wand of light (11)
 z - a wand of iceblast (15)
 J - a wand of polymorph (4)
Scrolls
 a - a scroll of enchant weapon
 d - 3 scrolls of poison
 e - a scroll of enchant armour
 i - a scroll of butterflies
 l - 3 scrolls of teleportation
 m - 4 scrolls of vulnerability
 s - a scroll of torment
 u - 3 scrolls of amnesia
 D - 3 scrolls of identify
 G - a scroll of summoning
 I - a scroll of blinking
Potions
 b - 4 potions of magic
 g - 4 potions of mutation
 j - 3 potions of attraction
 k - 2 potions of haste
 n - 4 potions of might
 o - 2 potions of flight {unknown}
 p - 4 potions of brilliance {unknown}
 r - 4 potions of heal wounds
 v - 5 potions of curing
 A - 2 potions of invisibility {unknown}
 B - 2 potions of cancellation {unknown}
 H - 2 potions of lignification {unknown}
Miscellaneous
 N - a phantom mirror (inert)


   Skills:
 + Level 3.2 Fighting
 + Level 1.9 Short Blades
 + Level 2.1 Armour
 + Level 4.4 Dodging
 - Level 5.4 Stealth
 + Level 10.2 Spellcasting
 + Level 4.0 Hexes
 + Level 12.1 Necromancy


You had 19 spell levels left.
You knew the following spells:

 Your Spells              Type           Power      Damage    Failure   Level
a - Vampiric Draining     Necr           57%        2d10      1%          3
q - Necrotise             Necr           100%       1d9       1%          1
x - Summon Guardian Gole  Hex/Summ       19%        N/A       12%         3
z - Animate Dead          Necr           57%        N/A       1%          4

Your spell library contained the following spells:

 Spells                   Type           Power      Damage    Failure   Level
 Sublimation of Blood     Necr           57%        N/A       1%          2
 Agony                    Necr           57%        N/A       1%          5
 Cigotuvi's Dreadful Rot  Necr/Pois/Air  54%        N/A       2%          2
 Beastly Appendage        Tmut           20%        N/A       9%          1
 Freeze                   Ice            40%        1d6       9%          1
 Summon Small Mammal      Summ           40%        N/A       9%          1
 Wereblood                Tmut           10%        N/A       14%         2
 Call Canine Familiar     Summ           10%        N/A       26%         3
 Frozen Ramparts          Ice            20%        1d4       26%         3
 Hailstorm                Conj/Ice       10%        3d5       26%         3
 Ignite Poison            Fire/Tmut/Pois 10%        N/A       26%         3
 Spider Form              Tmut/Pois      10%        N/A       26%         3
 Sticky Flame             Conj/Fire      10%        2d3       65%         4
 Summon Hydra             Summ           5%         N/A       100%        7
 Ignition                 Fire           5%         3d4       100%        8


Dungeon Overview and Level Annotations

Branches:
Dungeon (12/15)            Temple (1/1) D:5            Lair (1/5) D:11
  Sewer (visited)
    Orc: D:9-12

Altars:
Ashenzari
Cheibriados
Dithmenos
Fedhas
Gozag
Hepliaklqana
Kikubaaqudgha
Makhleb
Nemelex Xobeh
Okawaru
Qazlal
Ru
Sif Muna
Trog
Uskayaw
Vehumet
Wu Jian
Xom
Yredelemnul

Shops:
D:3 :   D:4 ?*

Annotations:
D:12 Kirke


Innate Abilities, Weirdness & Mutations

You are mostly covered in icy blue scales. (AC +3)
Spells you cast may paralyse nearby enemies.
You have a tail ending in a sharp stinger.


Message History

HP restored.
You climb upwards.
There is a stone staircase leading down here.
There is a stone staircase leading down here.
There is a stone staircase leading down here.
You climb downwards.
There is a stone staircase leading up here.
You climb upwards.
There is a stone staircase leading down here.
There is a stone staircase leading down here.
You climb downwards.
There is a stone staircase leading up here.
Kirke, Weaver of Myths comes into view.
There is a stone staircase leading up here.
You climb upwards.
There is a stone staircase leading down here.
There is a staircase to the Lair here.
You climb downwards.
Welcome to the Lair of Beasts!
Found 14 gold pieces.
There is a staircase back to the Dungeon here.
The rime drake hisses angrily.
The rime drake bites you but does no damage.
You draw life force from the rime drake!!
Malevolent energies surge around you. The rime drake barely misses you.
The rime drake bites you but does no damage.
You draw life force from the rime drake!
Malevolent energies surge around you.
The rime drake suddenly stops moving!
The helpless rime drake fails to defend itself.
You puncture the rime drake!
You kill the rime drake!
Kikubaaqudgha accepts your kill.
There is a staircase back to the Dungeon here.
You climb upwards.
Welcome back to the Dungeon!
There is a staircase to the Lair here.
Okay, then.
Save game and exit?
Welcome back, CoinPitGoblin the Demonspawn Necromancer.
Kikubaaqudgha says: Spread unending torment and darkness!
Press ? for a list of commands and other information.
Are you sure you want to abandon this character and quit the game? (Confirm with "yes".)

#..# ##.......# #..##
##........# #...###
##...###...# #.#...##
##.....##...#
..###..###
#.......##.## .##
##...# ##.......##.#
.# ##...#
#.........#.# .#
#....###.........#.#
.#
#....#......@......#
##
#...##.#.........### #
###.).##...........# #
#.รท...##.##.......##
###.#.#....##....P..#
##....#.######.....##
##.#.#....# ##...##
....>..##.######.#####
#..#.####.##.........#


There were no monsters in sight!

Vanquished Creatures
  A catoblepas (D:8)
  Pikel (D:4)
  A manticore (D:9)
  An elephant (D:11)
  A rime drake (Lair:1)
  Maggie (D:8)
  A troll (D:12)
  Sigmund (D:3)
  2 shadows (D:10)
  4 yaks (D:10)
  A basilisk (D:11)
  2 wyverns
  Grum (D:8)
  3 vampire mosquitoes (D:11)
  A steam dragon (D:9)
  An acid dragon (D:10)
  2 water moccasins
  3 orc warriors
  An ice beast (D:7)
  A black bear (D:11)
  An ogre (D:6)
  3 wolves (D:8)
  6 centaurs
  2 lemures
  A kobold brigand (D:10)
  Blork the orc (D:4)
  6 bullfrogs
  2 scorpions
  2 gnoll sergeants
  5 killer bees (D:7)
  10 howler monkeys
  3 hounds
  2 orc priests
  Crazy Yiuf (D:3)
  Jessica (D:2)
  Ijyb (D:3)
  6 iguanas
  5 orc wizards
  Robin (D:4)
  10 gnolls
  9 adders
  6 river rats
  A shadow imp (D:5)
  3 worms
  4 dart slugs
  25 orcs
  4 endoplasms
  8 giant cockroaches
  21 goblins
  6 hobgoblins
  6 jackals
  21 kobolds
  A quokka (D:1)
  7 ball pythons
  7 bats
  4 frilled lizards
  18 rats
250 creatures vanquished.

Vanquished Creatures (collateral kills)
  A bullfrog (D:6)
  2 howler monkeys (D:9)
  An orc priest (D:10)
  A hound (D:6)
  3 orc wizards
  An orc (D:8)
  2 ball pythons
  3 kobolds
  3 rats
17 creatures vanquished.

Vanquished Creatures (others)
  A wraith (D:11)
  A yak (D:11)
  3 vampire mosquitoes (D:11)
  A centaur (D:11)
  5 wights (D:8)
  A wolf zombie (D:8)
  A bullfrog zombie (D:8)
  3 howler monkey zombies
  11 gnoll zombies
  2 orc zombies
  2 plants (D:11)
31 creatures vanquished.

Grand Total: 298 creatures vanquished

Notes
Turn   | Place    | Note
-------+----------+-------------------------------------------
     0 | D:1      | CoinPitGoblin the Demonspawn Necromancer began the quest
                  | for the Orb.
     0 | D:1      | Reached XP level 1. HP: 13/13 MP: 3/3
   334 | D:1      | Gained mutation: Spells you cast may paralyse adjacent
                  | enemies. [demonic ancestry]
   334 | D:1      | Reached XP level 2. HP: 19/19 MP: 1/5
   701 | D:1      | Reached skill level 5 in Necromancy
  1232 | D:2      | Noticed Jessica
  1238 | D:2      | Killed Jessica
  1239 | D:2      | Gained mutation: Spells you cast may paralyse nearby
                  | enemies. [demonic ancestry]
  1239 | D:2      | Reached XP level 3. HP: 18/24 MP: 2/6
  1467 | D:2      | Gained mutation: You have a small tail. [demonic ancestry]
  1467 | D:2      | Reached XP level 4. HP: 30/30 MP: 5/8
  2167 | D:3      | Noticed Ijyb
  2236 | D:3      | You fall into a shaft and drop 1 floor!
  2239 | D:4      | Found Pugrec's Magic Scroll Shop.
  2241 | D:4      | Noticed a scorpion
  2251 | D:3      | Noticed Robin
  2281 | D:4      | Killed Robin
  2282 | D:4      | Gained mutation: You are partially covered in icy blue
                  | scales. (AC +2) [demonic ancestry]
  2282 | D:4      | Reached XP level 5. HP: 32/35 MP: 7/9
  2360 | D:3      | Found a shadowy altar of Dithmenos.
  2439 | D:3      | Killed Ijyb
  2560 | D:3      | Identified the +4 ring mail of Terror {Rampage rElec rN+
                  | Int-5}
  2571 | D:3      | Found a runed translucent door.
  2572 | D:3      | Noticed Crazy Yiuf
  2645 | D:3      | Reached skill level 6 in Necromancy
  3088 | D:3      | Noticed Sigmund
  3096 | D:3      | Killed Sigmund
  3097 | D:3      | Gained mutation: You are mostly covered in icy blue scales.
                  | (AC +3) [demonic ancestry]
  3097 | D:3      | Reached XP level 6. HP: 39/42 MP: 7/12
  3134 | D:3      | Found Ischykh's Book Boutique.
  3288 | D:3      | Killed Crazy Yiuf
  3339 | D:4      | Found Beugy's CLEARANCE SALE!.
  3341 | D:4      | Noticed Blork the orc
  3354 | D:4      | Killed Blork the orc
  3355 | D:4      | Gained mutation: You have a tail ending in a sharp stinger.
                  | [demonic ancestry]
  3355 | D:4      | Reached XP level 7. HP: 14/47 MP: 2/13
  3572 | D:4      | Noticed Pikel
  3620 | D:4      | Killed Pikel
  3621 | D:4      | Reached skill level 1 in Fighting
  3621 | D:4      | Reached skill level 1 in Short Blades
  3621 | D:4      | Reached skill level 5 in Spellcasting
  3621 | D:4      | Reached skill level 7 in Necromancy
  3682 | D:4      | Reached XP level 8. HP: 54/54 MP: 13/15
  3691 | D:4      | Learned a level 3 spell: Vampiric Draining
  3696 | D:4      | Learned a level 4 spell: Animate Dead
  3822 | D:4      | Found an iron altar of Okawaru.
  4912 | D:5      | Entered Level 5 of the Dungeon
  5105 | D:5      | Found a staircase to the Ecumenical Temple.
  5160 | D:5      | Reached skill level 8 in Necromancy
  5346 | D:5      | Reached skill level 5 in Stealth
  5411 | Temple   | Entered the Ecumenical Temple
  5411 | Temple   | Found a transporter.
  5411 | Temple   | Found a transporter.
  5413 | Temple   | Found a transporter.
  5413 | Temple   | Found a transporter.
  5485 | D:5      | Found a glowing drain.
  5495 | Sewer    | Entered a sewer
  6321 | D:5      | Noticed an angel
  7221 | D:6      | Reached skill level 9 in Necromancy
  7221 | D:6      | Reached XP level 9. HP: 59/59 MP: 14/18
  7526 | D:7      | Found a hide-covered altar of Uskayaw.
  7638 | D:7      | Identified the +1 dagger of the Bouncing Allies {speed,
                  | rPois}
  8062 | D:7      | Found a broken altar of Ashenzari.
  8064 | D:7      | Found a blossoming altar of Fedhas.
  8067 | D:7      | Found a shimmering altar of Xom.
  8068 | D:7      | Found an opulent altar of Gozag.
  8069 | D:7      | Found an ancient bone altar of Kikubaaqudgha.
  8075 | D:7      | Found a snail-covered altar of Cheibriados.
  8506 | D:7      | Became a worshipper of Kikubaaqudgha
  8919 | D:7      | Learned a level 3 spell: Summon Guardian Golem
  9062 | D:8      | Reached skill level 1 in Hexes
  9062 | D:8      | Reached skill level 10 in Necromancy
  9361 | D:8      | Noticed Maggie
  9367 | D:8      | Killed Maggie
  9575 | D:8      | Noticed Grum
  9585 | D:8      | Killed Grum
  9589 | D:8      | Reached XP level 10. HP: 61/68 MP: 15/22
  9704 | D:8      | Noticed a catoblepas
  9765 | D:8      | Your ally Grum died
  9784 | D:8      | Killed a catoblepas
 10164 | D:9      | Reached skill level 11 in Necromancy
 10193 | D:9      | Reached * piety under Kikubaaqudgha
 10193 | D:9      | Received a gift from Kikubaaqudgha
 10345 | D:9      | Noticed a manticore
 10355 | D:9      | Killed a manticore
 10474 | D:9      | Found a basalt altar of Yredelemnul.
 10753 | D:10     | Entered Level 10 of the Dungeon
 11773 | D:10     | Reached skill level 1 in Armour
 12171 | D:11     | Reached XP level 11. HP: 61/75 MP: 24/24
 12299 | D:11     | Found a staircase to the Lair.
 12438 | D:11     | Reached ** piety under Kikubaaqudgha
 12446 | D:11     | Reached skill level 10 in Spellcasting
 12578 | D:11     | Reached skill level 12 in Necromancy
 12820 | D:12     | Noticed Kirke
 12837 | Lair:1   | Entered Level 1 of the Lair of Beasts
 12853 | D:11     | Quit the game

Illustrated notes

Levels and vault maps discovered:
D:1:      psy_arrival_fountain, layout_loops_ring, kennysheep_crisscross,
          corexii_leaking_fountain, serial_bayou_pond_a, minmay_hedge_maze
D:2:      kennysheep_six_static_rooms, layout_basic, minmay_ruptured,
          uniq_jessica
D:3:      layout_loops_ring, nicolae_dithmenos_shadow_blocks, serial_shops,
          shop, uniq_crazy_yiuf_cottage, uniq_robin, uniq_sigmund, uniq_ijyb
D:4:      layout_basic, okawaru_altar_gauntlet_db, serial_shops, shop,
          chequers_serial_rivers_large_a, hangedman_decor_clover_reticule,
          minmay_misc_feat_secret_circle, nicolae_shop_clearance,
          uniq_blork_the_orc, uniq_pikel
D:5:      layout_basic, zin_angel, minmay_temple_entry_purple_smoke,
          portal_sewer_entry_b
D:6:      layout_basic
D:7:      layout_basic, eat_drink_and_be_merry_uskayaw, minitemple
D:8:      minmay_chambers_of_fours, layout_loops_ring, uniq_grum, uniq_maggie
D:9:      layout_cave_pools, kennysheep_little_box
D:10:     layout_grid_maze
D:11:     layout_rooms, david_lair_generic
D:12:     layout_cave_pools, erik_orc_1, serial_shops, shop_statue,
          gammafunk_ghost_split, special_room [special_room_orc], uniq_kirke
Temple:   hellmonk_temple_divided_pantheon
Lair:1:   layout_layer_cave, beast_lair_carwin_1, uniq_urug

Skill      XL: |  1  2  3  4  5  6  7  8  9 10 11 |
---------------+----------------------------------+-----
Necromancy     | 5 6 7 9 10 11 12 | 12.1
Stealth        | 2 3 4 5 |  5.4
Spellcasting   | 3 4 5 6 8 9 10 | 10.2
Dodging        | 2 3 4 |  4.4
Fighting       | 1 2 3 |  3.2
Short Blades   | 1 |  1.9
Hexes          | 2 3 4 |  4.0
Armour         | 1 2 |  2.1

Action                   |  1- 3 |  4- 6 |  7- 9 | 10-12 || total
-------------------------+-------+-------+-------+-------++-------
Melee: Dagger            |    20 |    35 |       |       ||    55
       Unarmed           |     1 |       |       |       ||     1
       Tailslap          |       |     4 |    14 |    17 ||    35
       Short sword       |       |       |   135 |   100 ||   235
       Punch             |       |       |     1 |     2 ||     3
 Cast: Necrotise         |    44 |    73 |   160 |    38 ||   315
       Animate Dead      |       |       |     7 |     4 ||    11
       Vampiric Draining |       |       |     7 |    37 ||    44
       Summon Guardian G |       |       |     4 |     6 ||    10
Evoke: Wand              |       |       |       |     3 ||     3
       Phantom mirror    |       |       |       |     1 ||     1
  Use: Potion            |     1 |     1 |       |       ||     2
       Scroll            |     1 |       |    15 |     3 ||    19
 Stab: Paralysed         |     3 |    23 |    72 |    35 ||   133
       Sleeping          |       |       |     1 |     3 ||     4
       Distracted        |       |       |       |     1 ||     1
Armor: Robe              |     8 |    10 |    93 |    12 ||   123
       Troll leather arm |       |       |       |    40 ||    40
       Steam dragon scal |       |       |       |    15 ||    15
Dodge: Dodged            |    21 |    49 |   117 |    87 ||   274

Table legend: (Time is in decaauts)
 A = Elapsed time spent in this place.
 B = Non-inter-level travel time spent in this place.
 C = Inter-level travel time spent in this place.
 D = Time resting spent in this place.
 E = Time spent auto-exploring this place.
 F = Levels seen in this place.
 G = Mean time per level.
                   A        B        C        D        E       F      G
               +--------+--------+--------+--------+--------+-----+--------+
         Total |  12879 |  11562 |   1317 |    604 |   8897 |  15 |  858.6 |
       Dungeon |  12124 |  10816 |   1308 |    604 |   8349 |  12 | 1010.3 |
        Temple |     43 |     34 |      9 |      0 |      8 |   1 |   43.0 |
          Lair |     14 |     14 |      0 |      0 |      0 |   1 |   14.0 |
         Sewer |    696 |    696 |      0 |      0 |    540 |   1 |  696.0 |
               +--------+--------+--------+--------+--------+-----+--------+

Top non-repeatable levels by time:
     D:4: 1735 daAuts
     D:7: 1395 daAuts
     D:8: 1294 daAuts
    D:10: 1153 daAuts
     D:1: 1132 daAuts
     D:2: 1093 daAuts
     D:3: 1060 daAuts
     D:5: 950 daAuts
    D:11: 845 daAuts
     D:6: 748 daAuts
   Sewer: 696 daAuts
     D:9: 695 daAuts
  Temple: 43 daAuts
    D:12: 19 daAuts
  Lair:1: 14 daAuts
